 Dungeon Crawl Stone Soup version 0.29-a0-542-g075992c915 (webtiles) character file.

Game seed: 10206591244877888338

140 enile the Skirmisher (level 5, -4/48 HPs)
             Began as a Meteoran Fighter on June 5, 2022.
             Was a Believer of the Shining One.
             Splashed by a jelly's acid (6 damage)
             ... in a sewer.
             The game lasted 00:03:09 (1701 turns).

enile the Skirmisher (Meteoran Fighter)             Turns: 1701, Time: 00:03:10

Health: -4/48      AC: -5    Str: 20    XL:     5   Next: 76%
Magic:  6/6        EV:  9    Int:  9    God:    the Shining One [**....]
Gold:   73         SH:  5    Dex: 13    Spells: 4/4 levels left

rFire   . . .      SeeInvis .   a - +0 flail
rCold   + . .      Faith    .   c - +0 buckler
rNeg    + . .      Spirit   .   b - +0 scale mail
rPois   .          Reflect  .   (no helmet)
rElec   .          Harm     .   (no cloak)
rCorr   .          Rampage  .   (no gloves)
Will    .....                   (no boots)
Stlth   ..........              (no amulet)
HPRegen 0.16/turn               g - ring of protection from cold
MPRegen 0.10/turn               (no ring)

@: corroded, glowing
A: sense surroundings 1, otherworldly, glowing, explore regen
a: Renounce Religion, Divine Shield


You were in a sewer.
You worshipped the Shining One.
The Shining One was pleased with you.
You visited 1 branch of the dungeon, and saw 3 of its levels.
You also visited: Sewer.

You collected 73 gold pieces.

Inventory:

Hand Weapons
 a - a +0 flail (weapon)
Armour
 b - a +0 scale mail (worn)
 c - a +0 buckler (worn)
Jewellery
 g - a ring of protection from cold (left hand)
Scrolls
 f - a scroll of amnesia
 i - 2 scrolls of blinking
 j - a scroll of identify
Potions
 d - 4 potions of might
 h - a potion of mutation {unknown}


   Skills:
 - Level 5.0 Fighting
 - Level 5.0 Maces & Flails
 - Level 3.6 Armour
 + Level 1.0 Dodging
 - Level 3.6 Shields
 - Level 0.9 Invocations


You had 4 spell levels left.
You didn't know any spells.
Your spell library was empty.

Dungeon Overview and Level Annotations

Branches:
Dungeon (3/15)              Sewer (1/1)

Altars:
The Shining One

Annotations:
D:3 3 runed translucent doors, PapperCannon's ghost, amateur OpCj


Innate Abilities, Weirdness & Mutations

You passively map a small area around you.
You are easily found by Zot.
You glow in the dark.
You regain HP and MP as you explore.


Message History

The river rat is heavily wounded.
The river rat barely misses you.
You thump the river rat!
You kill the river rat!
Your Dodging skill increases to level 1!
No target in view!
A jelly comes into view.
Found a viscous white potion.
The jelly quivers.
Found a blue potion and a hunting sling.
Found a viscous altar of Jiyva.
The frilled lizard hisses angrily.
A giant cockroach comes into view.
You thump the jelly! The acid corrodes you!
Your hands burn!
The jelly is severely wounded.
The jelly hits you. The acid corrodes you!
You are splashed with acid.
The jelly closely misses you.
You hit the jelly.
Your hands burn!
The jelly is almost dead.
You block the jelly's attack.
You hit the jelly but do no damage.
Your hands burn!
The jelly is almost dead.
The jelly hits you. The acid corrodes you!
You are splashed with acid!
You hit the jelly.
Your hands burn!
The jelly is almost dead.
You block the jelly's attack.
You hit the jelly but do no damage. The acid corrodes you!
Your hands burn!
The jelly is almost dead.
The frilled lizard bites you.
* * * LOW HITPOINT WARNING * * *
The jelly closely misses you. You block the frilled lizard's attack.
The jelly hits you.
* * * LOW HITPOINT WARNING * * *
The acid corrodes you!
You are splashed with acid.
* * * LOW HITPOINT WARNING * * *
Okay, then.
It was a potion of magic.
Magic courses through your body. The jelly hits you.
* * * LOW HITPOINT WARNING * * *
The acid corrodes you!
You are splashed with acid.
You die...

* * ≈ , ≈ ### ≈, *
,≈.# ≈# ##≈.##### .≈#
..##≈≈.#..≈.## *
≈≈#####
..≈#..≈.≈.≈.∩##
.≈≈..)#
#.≈≈.≈≈≈≈*#≈≈.#
*≈.≈.!_# #....≈≈
*#≈≈###J≈≈≈.!#
,#....## #≈≈##@lB..#
##≈....##,##.....≈####
#.≈≈≈..≈###...≈.≈##
..≈.##≈≈≈≈.≈.≈####
≈≈.####...≈.≈##
..##,,##≈.#### ### ≈
#..# # .≈≈≈# ≈.≈##


You could see a jelly, a giant cockroach and a frilled lizard.

Vanquished Creatures
  Natasha (twice) (D:2)
  2 adders (D:2)
  A river rat (Sewer)
  2 dart slugs
  4 bats
  12 endoplasms
  3 giant cockroaches
  4 goblins
  2 hobgoblins
  2 kobolds
  2 quokkas
  10 ball pythons
  7 frilled lizards
  5 rats
58 creatures vanquished.

Vanquished Creatures (others)
  6 plants (D:2)
6 creatures vanquished.

Grand Total: 64 creatures vanquished

Notes
Turn   | Place    | Note
-------+----------+-------------------------------------------
     0 | D:1      | enile the Meteoran Fighter began the quest for the Orb.
     0 | D:1      | Reached XP level 1. HP: 19/19 MP: 2/2
   290 | D:1      | Reached XP level 2. HP: 27/27 MP: 3/3
   475 | D:1      | Reached XP level 3. HP: 33/33 MP: 4/4
   482 | D:1      | Found a faded altar of an unknown god.
   491 | D:1      | Glimpsed the power of Zot.
   495 | D:1      | Prayed at the altar of an unknown god.
   495 | D:1      | Became a worshipper of the Shining One
   495 | D:1      | Reached * piety under the Shining One
   541 | D:1      | Glimpsed the power of Zot.
   580 | D:1      | Glimpsed the power of Zot.
   589 | D:1      | Glimpsed the power of Zot.
   590 | D:1      | Touched by the power of Zot.
   598 | D:2      | Noticed Natasha
   604 | D:2      | Killed Natasha
   605 | D:2      | Reached skill level 5 in Fighting
   605 | D:2      | Reached XP level 4. HP: 24/35 MP: 5/5
   945 | D:2      | Noticed Natasha
   947 | D:2      | Killed Natasha
   948 | D:2      | Reached XP level 5. HP: 38/48 MP: 6/6
  1265 | D:2      | Glimpsed the power of Zot.
  1312 | D:2      | Glimpsed the power of Zot.
  1387 | D:3      | Found a runed translucent gate.
  1387 | D:3      | Found a runed translucent gate.
  1387 | D:3      | Found a runed translucent gate.
  1428 | D:3      | Noticed PapperCannon's ghost (amateur OpCj)
  1436 | D:3      | Found a glowing drain.
  1447 | Sewer    | Entered a sewer
  1517 | Sewer    | Reached skill level 5 in Maces & Flails
  1531 | Sewer    | Reached ** piety under the Shining One
  1652 | Sewer    | Reached skill level 1 in Dodging
  1694 | Sewer    | Found a viscous altar of Jiyva.
  1701 | Sewer    | HP: 2/48 [jelly (2)]
  1701 | Sewer    | Splashed by a jelly's acid

Illustrated notes

Levels and vault maps discovered:
D:1:      minmay_arrival_widening_spiral_narrow, layout_basic,
          hellmonk_ecumenical_altar_arch_garden
D:2:      layout_loops_corners, serial_bayou_lake_a, uniq_natasha
D:3:      layout_loops_ring, grunt_qazlal_sundering,
          cheibrodos_sewer_entry_sluice, gammafunk_ghost_icy,
          minmay_misc_feat_chi
Sewer:    sewer_hellmonk_slimy_pipes

Skill      XL: |  1  2  3  4  5 |
---------------+----------------+-----
Fighting       | 4 5 |  5.0
Maces & Flails | 4 5 |  5.0
Dodging        | 1 |  1.0
Armour         | |  3.6
Shields        | |  3.6
Invocations    | |  0.9

Action                   |  1- 3 |  4- 6 || total
-------------------------+-------+-------++-------
Melee: Flail             |    37 |    82 ||   119
  Use: Scroll            |       |     2 ||     2
       Potion            |       |     1 ||     1
Armor: Scale mail        |    21 |    30 ||    51
Dodge: Dodged            |    23 |    33 ||    56
Block: Buckler           |     8 |    24 ||    32

Table legend: (Time is in decaauts)
 A = Elapsed time spent in this place.
 B = Non-inter-level travel time spent in this place.
 C = Inter-level travel time spent in this place.
 D = Time resting spent in this place.
 E = Time spent auto-exploring this place.
 F = Levels seen in this place.
 G = Mean time per level.
                   A        B        C        D        E       F      G
               +--------+--------+--------+--------+--------+-----+--------+
         Total |   1763 |   1687 |     76 |      0 |   1220 |   4 |  440.8 |
       Dungeon |   1489 |   1413 |     76 |      0 |   1028 |   3 |  496.3 |
         Sewer |    273 |    273 |      0 |      0 |    191 |   1 |  273.0 |
               +--------+--------+--------+--------+--------+-----+--------+

Top non-repeatable levels by time:
     D:2: 748 daAuts
     D:1: 607 daAuts
   Sewer: 273 daAuts
     D:3: 133 daAuts
